 Dungeon Crawl Stone Soup version 0.26.1-11-gd32895ea62 (webtiles) character file.

Game seed: 4455425473646952721

86 Zeld the Sneak (level 4, -2/29 HPs)
             Began as an Octopode Brigand on May 14, 2021.
             Slain by an orc
             ... wielding a +0 hand axe
              (5 damage)
             ... on level 4 of the Dungeon.
             The game lasted 00:01:23 (825 turns).

Zeld the Sneak (Octopode Brigand)                    Turns: 825, Time: 00:01:24

Health: -2/29      AC:  1    Str: 11    XL:     4   Next: 50%
Magic:  6/6        EV: 13    Int: 13    God:
Gold:   32         SH:  0    Dex: 13    Spells: 6/6 levels left

rFire    . . .     SeeInvis .   a - +2 dagger
rCold    . . .     Faith    .   (no shield)
rNeg     . . .     Spirit   .   (helmet restricted)
rPois    .         Reflect  .   (no amulet)
rElec    .         Harm     .   (no ring)
rCorr    .         Rampage  .   (no ring)
Will     .....                  (no ring)
Stlth    ++++......             (no ring)
HPRegen  0.09/turn              (no ring)
MPRegen  0.10/turn              (no ring)
                                (no ring)
                                (no ring)

@: slowed, very slow
A: almost no armour, stealthy swim, amphibious, 8 rings, constrict 8, camouflage
1, gelatinous body 1
a: no special abilities


You were on level 4 of the Dungeon.
You visited 1 branch of the dungeon, and saw 4 of its levels.

You collected 32 gold pieces.

Inventory:

Hand Weapons
 a - a +2 dagger (weapon)
Missiles
 b - 8 poisoned darts (quivered)
 c - 2 curare-tipped darts
Jewellery
 g - an uncursed ring of stealth {unknown}
Scrolls
 d - a scroll of identify {unknown}
 f - a scroll of enchant armour {unknown}
Potions
 e - a potion of attraction {unknown}


   Skills:
 - Level 2.0 Fighting
 - Level 2.0 Short Blades
 * Level 3.9 Throwing
 - Level 1.0 Dodging
 - Level 5.3 Stealth
 + Level 1.8 Spellcasting


You had 6 spell levels left.
You didn't know any spells.
Your spell library was empty.

Dungeon Overview and Level Annotations

Branches:
Dungeon (4/15)
 Temple: D:4-7

Altars:
Okawaru


Innate Abilities, Weirdness & Mutations

You cannot wear most types of armour.
You are very stealthy in the water. (Stealth+)
You are amphibious.
You can wear up to eight rings at the same time.
You can use your tentacles to constrict eight enemies at once.
Your skin changes colour to match your surroundings (Stealth+).
Your rubbery body absorbs attacks. (AC +1, EV +1)


Message History

The orc wizard is moderately wounded.
You constrict the orc wizard. The orc wizard barely misses you.
The orc throws a stone.
The stone hits you.
You hit the orc wizard.
The orc wizard is severely wounded.
You constrict the orc wizard.
The orc wizard gestures at you while chanting.
You feel yourself slow down. The orc closely misses you.
Unknown command.
You hit the orc wizard.
You kill the orc wizard!
The hound bites you. The orc hits you. The hound closely misses you.
The orc shouts noisily, as Orcs often do.
The hound bites you.
* * * LOW HITPOINT WARNING * * *
The orc barely misses you. The hound misses you. The orc closely misses you.
The hound bites you.
* * * LOW HITPOINT WARNING * * *
The orc hits you with a +0 hand axe.
You die...

#...###'######...
#..........#
#..........#
####.......#
#.......#
#####'######.
#..[..## ...
#.###.o+..
#.#@#.# #ooh#..
#.#)#o#.#
....#!..#.. #.#.#
#.#.#.# #..#
#...#.. #.#
#o#.#. #. #... #
#.


You could see a hound and 4 orcs.

Vanquished Creatures
  An orc wizard (D:4)
  3 adders
  An ooze (D:3)
  2 leopard geckos
  2 orcs (D:4)
  A giant cockroach (D:2)
  3 goblins
  5 hobgoblins
  2 quokkas
  A bat (D:3)
  2 kobolds
  A rat (D:3)
24 creatures vanquished.

Notes
Turn   | Place    | Note
-------+----------+-------------------------------------------
     0 | D:1      | Zeld the Octopode Brigand began the quest for the Orb.
     0 | D:1      | Reached XP level 1. HP: 14/14 MP: 1/1
    30 | D:2      | Reached XP level 2. HP: 19/19 MP: 1/3
    43 | D:2      | Found an iron altar of Okawaru.
    54 | D:2      | Reached skill level 1 in Spellcasting
    85 | D:2      | Reached XP level 3. HP: 5/24 MP: 4/4
   623 | D:4      | Reached XP level 4. HP: 29/29 MP: 6/6
   825 | D:4      | Slain by an orc

Illustrated notes

Levels and vault maps discovered:
D:1:      minmay_arrival_hallway, layout_basic, minivault_5, minmay_cut_off
D:2:      layout_basic, kennysheep_okawaru_gauntlet, minmay_misc_feat_pillars
D:3:      layout_basic, minmay_unequal
D:4:      layout_basic, kennysheep_crisscross, uniq_grinder

Skill      XL: |  1  2 |
---------------+-------+-----
Spellcasting   | 1 |  1.8
Throwing       | 3 |  3.9
Fighting       | |  2.0
Short Blades   | |  2.0
Dodging        | |  1.0
Stealth        | |  5.3

Action                   |  1- 3 |  4- 6 || total
-------------------------+-------+-------++-------
Melee: Dagger            |    41 |     5 ||    46
       Constrict         |    10 |     1 ||    11
       Tentacles         |     6 |       ||     6
 Stab: Sleeping          |     7 |       ||     7
Armor: Skin              |     4 |       ||     4
Dodge: Dodged            |    27 |     6 ||    33
